cohdb
Replays
Latest Replays
All Replays
Popular Replays
Top Player Replays
Match Explorer
How It Works
Community
CoH3 Stats
Reddit
Sign in to upload your games and track your stats! →
Sign in with Steam
Match 41847332
Unlisted
Match 41847332
Overview
Messages
Build Orders
End
Construct Infanterie Kompanie
Pioneer Squad
Grenadier Squad
Grenadier Squad
Construct Panzergrenadier Kompanie
Support Elements
Pioneer Squad
Nebelwerfer 42 Rocket Launcher Team
StuG III G Assault Gun
Medical Bunker
Selects Mechanized Battlegroup
Selects Mobile Repair Stations
Nebelwerfer 42 Rocket Launcher Team
StuG III G Assault Gun
Kettenkrad Recon Vehicle
Panzergrenadier Officer Quarters
Selects Wespe Self-propelled Artillery
Panzergrenadier Squad
MG 42 Bunker
StuG III G Assault Gun
Selects Raid Package
Pak 40 Anti-tank Gun Team
MG 42 Bunker
[HAN]Diederick Kastner
Tugboat
宇杰
帝国の突撃隊
Comety42
鼻涕一甩排山倒海
torn7538
彥祖哥哥
0
0
Comments
sign in to comment!
No comments posted yet!